[Event "European Women-ch 2023"]
[Site "Petrovac"]
[Date "2023.03.21"]
[Round "4.28"]
[White "Abdinova, Narmin"]
[Black "Eric, Jovana"]
[Result "1/2-1/2"]
[ECO "E11"]
[WhiteElo "2090"]
[BlackElo "2230"]
[Annotator "TA"]
[PlyCount "68"]
[EventDate "2023.03.15"]
[EventType "swiss"]
[EventCountry "MNE"]
[SourceTitle "playchess.com"]
[Source "ChessBase"]
[SourceQuality "1"]
[TimeControl "40/5400+30:1800+30"]

1. d4 Nf6 2. c4 e6 3. g3 Bb4+ 4. Bd2 Qe7 5. Bg2 O-O 6. Nf3 Bxd2+ {[%emt 0:01:17] E11: Bogo-Indian.} 7. Nfxd2 Nc6 8. e3 e5 9. d5 Nb4 10. O-O a5 11. Nc3 (11. Nb3 $5 ) 11... d6 12. a3 Na6 {[%emt 0:03:42] [#]} 13. b4 $1 Bg4 (13... Bf5 14. Qa4) 14. Qb3 {[%emt 0:03:18] [#]} Qd7 $146 ({Predecessor:} 14... Rfb8 15. c5 axb4 16. axb4 dxc5 17. b5 Nb4 18. Qc4 Bf5 19. Nde4 Bxe4 20. Bxe4 Rxa1 21. Rxa1 {0-1 Lekic,D (2425)-Gouloutis,N (2218) Anogia op 4th 2015 (3)}) 15. Rac1 (15. bxa5 Nc5 16. Qc2 Rxa5 $11) 15... Bh3 16. Rfd1 (16. bxa5 Nc5 17. Qc2 Rxa5 $15) (16. Nde4 {simplifies} Nxe4 17. Bxh3 Qxh3 18. Nxe4 Qf5 19. f3) 16... Bxg2 (16... h5 {simplifies} 17. f3 Rfb8 18. Nce4 Nxe4 19. Nxe4 Bf5) 17. Kxg2 Qf5 18. Qb1 ({But not} 18. bxa5 Nc5 19. Qc2 Qxc2 20. Rxc2 Rxa5 $15) 18... Qh5 19. h3 ({Much worse is} 19. bxa5 Nc5 $15) (19. c5 {is more complex.} axb4 20. axb4 dxc5 21. bxc5 Nxc5 22. Nce4) 19... axb4 20. axb4 Nd7 21. g4 Qh6 22. Qf5 {[%emt 0:06:13] Black is weak on the light squares} Rad8 23. g5 Qh5 24. Nce4 (24. Nde4 $14) 24... Nxb4 $11 25. Ng3 Qg6 26. Rb1 {[%emt 0:00:28] [#] Threatens to win with Qxg6.} Na6 $132 {[%emt 0:01:10][%mdl 2048] Black is fighting back} (26... Qxf5 {simplifies} 27. Nxf5 Na6 28. Ne7+ Kh8) 27. Rxb7 Ndc5 {[%emt 0:00:09] Repels Nde4} 28. Rbb1 f6 29. Qxg6 hxg6 30. f3 Rb8 31. Nge4 f5 32. Nc3 Kf7 (32... Nb4 $5) 33. Nb5 Rb7 34. Nb3 Nxb3 {[%emt 0:05:31] Weighted Error Value: White=0.09 (flawless) /Black=0.08 (flawless)} 1/2-1/2